Map: Emerald City LE

Players

Nyck - Winner!

  • Race: Terran Terran
  • Spawn Location: 5:00

Ekelpack - Winner!

  • Race: Zerg Zerg
  • Spawn Location: 5:00

Lila

  • Race: Zerg Zerg
  • Spawn Location: 11:00

RoK

  • Race: Terran Terran
  • Spawn Location: 11:00

VOD

Have the link to the VOD?

Description

Time

  • Played on: Nov. 1, 2020, 9:46 a.m.
  • Length: 9:11
Show
View Real Time Build Order
Export as new Build Order

Nyck Terran - Winner!

Build Orders:  

Get SALT Encoding   

  12  0:01  SCV  
  13  0:13  SCV  
  14  0:20  Supply Depot  
  14  0:28  SCV  
  15  0:46  SCV, Barracks  
  16  0:55  Refinery  
  16  0:58  SCV  
  16  1:02  Supply Depot  
  17  1:10  SCV  
  18  1:24  SCV  
  19  1:30  Barracks  
  19  1:34  Marine  
  19  1:38  Orbital Command  
  20  1:45  Refinery  
  20  1:55  Reaper  
  21  2:08  SCV  
  22  2:25  Command Center  
  22  2:27  Reaper  
  22  2:29  Reaper  
  24  2:48  SCV  
  25  2:59  Marine  
  25  3:01  Marine  
  27  3:11  SCV  
  28  3:28  Barracks Tech Lab x2  
  28  3:39  Factory  
  28  3:49  Marauder x2  
  29  4:10  Marauder x2  
  29  4:11  Concussive Shells  
  33  4:32  Supply Depot  
  33  4:34  Marauder x2  
  33  4:35  Engineering Bay  
  37  4:39  Starport  
  37  4:54  Factory Tech Lab  
  37  4:58  Stimpack  
  37  4:59  Combat Shield  
  37  5:01  SCV  
  37  5:28  Medivac  
  37  5:34  Supply Depot  
  39  5:46  SCV  
  44  5:57  Marauder x2  
  44  5:58  SCV  
  44  5:59  Infernal Pre-Igniter, Hellion  
  44  6:02  Terran Infantry Armor Level 1  
  46  6:26  Marauder  
  46  6:30  Marauder  
  44  6:32  Medivac  
  44  6:36  Hellion  
  37  6:51  SCV  
  38  7:03  SCV  
  39  7:16  SCV  
  39  7:17  Hellion  
  39  7:19  Medivac  
  39  7:20  Marauder  
  46  7:24  Supply Depot  
  46  7:28  SCV  
  47  7:45  SCV  
  47  7:46  Marauder  
  45  8:18  SCV  
  46  8:30  SCV  
  47  8:42  SCV  
  48  8:54  SCV  
Show
View Real Time Build Order
Export as new Build Order

Ekelpack Zerg - Winner!

Build Orders: Hatch First 

Get SALT Encoding   

  12  0:00  Drone  
  13  0:12  Overlord  
  13  0:17  Drone  
  14  0:31  Drone  
  15  0:49  Drone, Hatchery  
  15  0:53  Drone  
  16  1:01  Drone  
  17  1:13  Spawning Pool  
  17  1:15  Drone  
  18  1:18  Drone  
  18  1:23  Drone  
  19  1:29  Extractor  
  18  1:33  Overlord  
  18  1:51  Drone  
  19  2:02  Queen x2  
  23  2:08  Drone  
  23  2:09  Drone  
  23  2:11  Drone  
  26  2:28  Spine Crawler  
  25  2:30  Drone x2  
  25  2:32  Drone  
  25  2:33  Drone  
  29  2:38  Zergling x4  
  29  2:43  Spine Crawler  
  31  2:52  Lair  
  31  2:55  Drone  
  31  2:56  Drone  
  33  3:03  Overlord  
  33  3:06  Drone x2  
  33  3:08  Extractor  
  33  3:10  Drone  
  35  3:13  Extractor  
  34  3:20  Drone x2  
  34  3:23  Drone x3  
  34  3:24  Drone x3  
  42  3:31  Extractor  
  41  3:36  Overlord  
  41  3:37  Drone  
  42  3:53  Spire  
  41  3:57  Drone x4  
  45  4:07  Zergling x8  
  45  4:08  Zergling x2  
  45  4:09  Metabolic Boost  
  50  4:12  Overlord  
  50  4:22  Spine Crawler  
  49  4:25  Spine Crawler  
  49  4:26  Overlord  
  48  4:34  Overlord  
  48  4:41  Spine Crawler, Drone x3  
  50  4:58  Drone x4  
  54  5:11  Mutalisk x2  
  54  5:12  Mutalisk x4  
  54  5:13  Mutalisk  
  68  5:44  Hatchery  
  67  5:52  Overlord  
  67  5:53  Overlord  
  67  6:00  Overlord  
  67  6:07  Drone  
  67  6:10  Queen  
  70  6:22  Mutalisk  
  70  6:23  Mutalisk x4  
  70  6:24  Overlord x2, Mutalisk x4  
  88  6:29  Drone  
  89  6:51  Extractor  
  89  6:52  Extractor  
  87  7:14  Mutalisk x2  
  87  7:15  Overlord x3, Mutalisk x3  
  93  7:35  Drone x2  
  93  7:36  Drone x7  
  102  7:59  Drone x2  
  102  8:03  Mutalisk x5  
  114  8:16  Zergling x8  
  114  8:17  Zergling x2  
  119  8:23  Evolution Chamber  
  119  8:24  Overlord x5, Evolution Chamber  
  117  8:33  Mutalisk x4  
  125  8:57  Drone x4  
Show
View Real Time Build Order
Export as new Build Order

Lila Zerg 

Build Orders: Pool First 

Get SALT Encoding   

  12  0:01  Drone  
  13  0:12  Drone  
  14  0:51  Spawning Pool  
  14  0:52  Hatchery  
  14  0:55  Drone  
  13  1:04  Drone  
  14  1:09  Overlord  
  14  1:13  Extractor  
  14  1:18  Drone  
  14  1:30  Drone  
  15  1:40  Zergling x4  
  15  1:41  Queen  
  19  1:55  Drone  
  20  2:06  Drone x2  
  22  2:09  Extractor  
  22  2:15  Zergling x4  
  23  2:16  Metabolic Boost  
  23  2:26  Drone  
  23  2:27  Drone  
  25  2:34  Overlord  
  24  2:55  Zergling x4  
  24  2:56  Zergling x4  
  24  2:57  Zergling x4  
  30  3:02  Lair  
  30  3:09  Drone x2  
  32  3:24  Spine Crawler  
  30  3:30  Spine Crawler  
  28  3:41  Drone  
  28  3:42  Drone  
  28  3:43  Drone  
  28  3:44  Drone  
  32  4:09  Drone x3  
  35  4:11  Overlord x2  
  35  4:27  Burrow  
  35  4:29  Overlord x2  
  35  4:33  Extractor  
  34  4:45  Drone x3  
  37  4:53  Drone x2  
  37  4:54  Drone  
  40  5:17  Zergling x4  
  40  5:18  Zergling x4  
  40  5:20  Drone  
  45  5:37  Queen  
  45  5:40  Hatchery  
  46  6:13  Pneumatized Carapace  
  46  6:24  Hydralisk Den  
  45  6:28  Spore Crawler  
  45  6:29  Spire  
  45  6:31  Spore Crawler  
  39  6:34  Spore Crawler  
  28  6:48  Drone x5  
  28  6:49  Drone x4  
  28  6:51  Queen  
  21  7:30  Drone x5  
  21  7:31  Drone  
  21  7:36  Drone x3  
  30  7:49  Spore Crawler  
  29  7:54  Mutalisk x2  
  33  8:05  Spore Crawler  
  32  8:08  Mutalisk x2  
  36  8:15  Drone x2  
  38  8:23  Mutalisk  
  38  8:26  Drone  
  41  8:27  Drone  
Show
View Real Time Build Order
Export as new Build Order

RoK Terran 

Build Orders:  

Get SALT Encoding   

  12  0:03  SCV  
  13  0:19  Supply Depot, SCV  
  14  0:26  Refinery  
  14  0:31  SCV  
  15  0:45  Barracks  
  15  0:48  SCV  
  16  0:58  Refinery  
  16  1:00  SCV  
  17  1:12  SCV  
  18  1:24  SCV  
  19  1:34  Marine  
  19  1:36  SCV  
  21  1:43  Factory  
  21  1:58  SCV  
  22  2:03  Supply Depot  
  22  2:08  Marine  
  23  2:27  Factory Tech Lab  
  23  2:33  Marine  
  23  2:34  Starport  
  23  2:36  SCV  
  25  2:49  Siege Tank  
  28  2:53  SCV  
  29  3:01  Supply Depot  
  29  3:07  Marine  
  30  3:22  Medivac  
  32  3:37  Marine  
  33  3:44  Fusion Core  
  33  3:53  Supply Depot  
  33  5:00  Starport Tech Lab  
  33  5:01  Weapon Refit  
  33  5:08  Armory  
  33  5:29  Orbital Command, Command Center  
  33  5:37  Supply Depot  
  33  5:51  Battlecruiser  
  38  6:41  Engineering Bay  
  28  8:16  Missile Turret  
  27  8:55  Missile Turret  
Tags
 
Add a new tag
Caveats
  • Supply blocks, unpowered buildings, or Contaminate may cause inaccurate times.
  • Supply counts are checked every 10 seconds.